 Dungeon Crawl Stone Soup version 0.31-a0-774-g0d66cbabe8 (webtiles) character file.

Game seed: 17531669963803342419

821 Descartes the Shield-Bearer (level 8, -1/62 HPs)
             Began as a Formicid Fighter on Sept 17, 2023.
             Was an Initiate of Gozag.
             Slain by an ufetubus (2 damage)
             ... in the Ecumenical Temple.
             The game lasted 00:06:27 (3709 turns).

Descartes the Shield-Bearer (Formicid Fighter)      Turns: 3709, Time: 00:06:27

Health: -1/62      AC:  3    Str: 23    XL:     8   Next: 16%
Magic:  8/8        EV: 10    Int:  8    God:    Gozag
Gold:   95         SH:  5    Dex: 13    Spells: 7/7 levels left

rFire   . . .        h - +0 hand axe (vamp)
rCold   . . .        c - +0 buckler
rNeg    . . .        E - +3 leather armour {Will+}
rPois   .            (helmet unavailable)
rElec   .            (no cloak)
rCorr   .            F - +0 pair of gloves
SInv    +            (no boots)
Will    +....        (no amulet)
Stlth   +            (no ring)
HPRegen 0.30/turn    (no ring)
MPRegen 0.11/turn

%: no passive effects
@: corroded, gold aura
A: permanent stasis, dig shafts and tunnels, antennae 3, four strong arms
a: Dig, Renounce Religion, Potion Petition, Call Merchant, Bribe Branch


You were in the Ecumenical Temple.
You worshipped Gozag.
Gozag was noncommittal.
You visited 2 branches of the dungeon, and saw 6 of its levels.
You also visited: Sewer.

You collected 142 gold pieces.
You paid 47 gold pieces to Gozag.

Inventory:

Hand Weapons
 a - a +0 war axe
 h - a +0 vampiric hand axe (weapon)
Missiles
 C - 4 poisoned darts
Armour
 c - a +0 buckler (worn)
 g - a +4 scale mail
 E - a +3 leather armour of willpower (worn)
 F - a +0 pair of gloves (worn)
Talismans
 B - a serpent talisman
Wands
 A - a wand of charming (7)
 D - a wand of flame (18)
Scrolls
 l - 2 scrolls of blinking {unknown}
 m - 4 scrolls of identify {unknown}
 o - a scroll of brand weapon {unknown}
 r - a scroll of noise {unknown}
 s - 2 scrolls of fog {unknown}
 v - a scroll of fear {unknown}
 w - a scroll of teleportation {unknown}
 x - a scroll of revelation {unknown}
 y - a scroll of amnesia {unknown}
Potions
 b - a potion of cancellation {unknown}
 d - a potion of might
 e - 3 potions of enlightenment {unknown}
 f - 4 potions of mutation {unknown}
 i - 2 potions of ambrosia {unknown}
 j - a potion of degeneration {unknown}
 k - 2 potions of attraction {unknown}
 n - 3 potions of curing {unknown}
 p - a potion of brilliance {unknown}
 q - 2 potions of resistance {unknown}
 t - a potion of invisibility {unknown}
 u - a potion of haste {unknown}
 z - a potion of berserk rage {unknown}


   Skills:
 - Level 5.0 Fighting
 + Level 4.4 Axes
 + Level 5.4 Armour
 + Level 6.6 Shields
 + Level 3.1 Translocations


You had 7 spell levels left.
You didn't know any spells.
Your spell library contained the following spells:

 Spells                   Type           Power      Damage    Failure   Level
 Freeze                   Ice            0%         1d3       50%         1
 Summon Small Mammal      Summ           0%         N/A       50%         1
 Call Canine Familiar     Summ           0%         N/A       86%         3
 Frozen Ramparts          Ice            0%         1d1       86%         3
 Hailstorm                Conj/Ice       0%         3d3       86%         3
 Summon Guardian Golem    Hex/Summ       0%         N/A       86%         3


Dungeon Overview and Level Annotations

Branches:
Dungeon (5/15)             Temple (1/1) D:5           Sewer (visited)

Altars:
Ashenzari
Dithmenos
Elyvilon
Fedhas
Gozag
Hepliaklqana
Kikubaaqudgha
Makhleb
Nemelex Xobeh
Ru
Sif Muna
Wu Jian
Yredelemnul
Zin
The Shining One


Innate Abilities, Weirdness & Mutations

You cannot be hasted, slowed, berserked, paralysed or teleported.
You can dig through walls and to a lower floor.
You have a pair of large antennae on your head. (SInv)
Your four strong arms can wield two-handed weapons with a shield.


Message History

The gnoll is almost dead.
You hit the ogre but do no damage. You hit the ufetubus but do no damage.
You hit the jelly.
You feel better.
Your hands burn!
You block the ufetubus's attack.
The ufetubus hits you but does no damage.
The ogre hits you with a +0 giant club! The ufetubus completely misses you.
The ufetubus closely misses you. The jelly hits you but does no damage.
The gnoll hits you with a +0 whip.
You hit the gnoll.
You kill the gnoll!
You hit the ufetubus. You slash the jelly!
Your hands burn!
You hit the ogre.
The ufetubus hits you but does no damage.
You block the ufetubus's attack. The ogre hits you with a +0 giant club!
The jelly closely misses you. The ufetubus hits you.
You block the ufetubus's attack.
Unknown command.
You are too injured to fight recklessly!
You are too injured to fight recklessly!
Unknown command.
You are too injured to fight recklessly!
Unknown command.
You miss the ufetubus.
The ufetubus is moderately wounded.
You hit the jelly. The acid corrodes you!
Your hands burn!
* * * LOW HITPOINT WARNING * * *
You hit the ogre but do no damage. The ufetubus hits you.
* * * LOW HITPOINT WARNING * * *
The ufetubus hits you.
* * * LOW HITPOINT WARNING * * *
The jelly closely misses you.
You slash the jelly!
You kill the jelly!
You hit the ogre. You completely miss the ufetubus.
You block the ufetubus's attack. The ufetubus hits you.
* * * LOW HITPOINT WARNING * * *
The ogre hits you with a +0 giant club!
* * * LOW HITPOINT WARNING * * *
The ufetubus hits you.
You die...
Your body crumbles into a pile of gold.

≈≈≈≈≈≈≈≈≈≈.......≈≈≈...≈≈≈≈≈≈≈≈≈≈
≈≈≈≈≈≈≈≈≈≈≈≈≈...≈≈≈≈≈≈≈≈≈≈≈≈≈≈≈≈≈
≈≈≈≈≈≈≈≈≈≈≈≈...≈≈≈≈≈≈≈≈≈≈≈≈≈≈≈≈≈≈
≈≈≈≈≈≈≈≈≈≈≈...≈≈≈≈≈≈≈≈≈≈≈≈≈≈≈≈≈≈≈
≈≈≈≈≈≈≈≈≈≈≈...≈≈≈≈≈≈≈≈≈≈≈≈≈≈≈≈≈≈≈
≈≈≈≈≈≈≈≈≈≈≈≈...≈≈≈≈≈≈≈≈≈≈≈≈≈≈≈≈≈≈
≈≈≈≈≈≈≈≈≈≈≈≈≈...≈≈≈≈≈≈≈≈≈≈≈≈≈≈≈≈≈
≈≈≈≈≈≈≈≈≈≈≈....O).....≈≈≈≈≈≈≈≈≈≈≈
≈≈≈≈≈≈≈≈≈≈..8..5@$..8..≈≈≈≈≈≈≈≈≈≈
≈≈≈≈≈≈≈≈≈≈≈......$....≈≈≈≈≈≈≈≈≈≈≈
≈≈≈≈≈≈≈≈≈≈≈≈≈≈≈≈≈...≈≈≈≈≈≈≈≈≈≈≈≈≈
≈≈≈≈≈≈≈≈≈≈≈≈≈≈≈≈≈≈...≈≈≈≈≈≈≈≈≈≈≈≈
≈≈≈≈≈≈≈≈≈≈≈≈≈≈≈≈≈≈≈...≈≈≈≈≈≈≈≈≈≈≈
≈≈≈≈≈≈≈≈≈≈≈≈≈≈≈≈≈≈≈...≈≈≈≈≈≈≈≈≈≈≈
≈≈≈≈≈≈≈≈≈≈≈≈≈≈≈≈≈≈...≈≈≈≈≈≈≈≈≈≈≈≈
≈≈≈≈≈≈≈≈≈≈≈≈≈≈≈≈≈...≈≈≈≈≈≈≈≈≈≈≈≈≈
≈≈≈≈≈≈≈≈≈≈...≈≈≈.......≈≈≈≈≈≈≈≈≈≈


You could see an ogre and an ufetubus.

Vanquished Creatures
  Eustachio (D:5)
  An ice beast (D:5)
  2 bullfrogs (Sewer)
  A howler monkey (D:5)
  A hound (D:4)
  A jelly (Temple)
  An orc priest (D:4)
  2 iguanas
  Ijyb (D:5)
  3 gnolls
  9 adders
  3 river rats (Sewer)
  A worm (D:3)
  2 dart slugs
  8 orcs
  17 ball pythons
  13 bats
  5 endoplasms
  6 giant cockroaches
  2 goblins
  7 hobgoblins
  5 jackals (D:2)
  2 quokkas
  6 frilled lizards
  9 kobolds
  30 rats
139 creatures vanquished.

Vanquished Creatures (collateral kills)
  An orc wizard (D:4)
  A ball python (D:4)
2 creatures vanquished.

Grand Total: 141 creatures vanquished

Notes
Turn   | Place    | Note
-------+----------+-------------------------------------------
     0 | D:1      | Descartes the Formicid Fighter began the quest for the Orb.
     0 | D:1      | Reached XP level 1. HP: 18/18 MP: 1/1
   155 | D:1      | Reached XP level 2. HP: 24/24 MP: 2/2
   416 | D:1      | Reached XP level 3. HP: 29/29 MP: 3/3
   895 | D:2      | Found a faded altar of an unknown god.
   997 | D:2      | Reached XP level 4. HP: 33/37 MP: 4/4
  1125 | D:2      | Found a basalt altar of Yredelemnul.
  1917 | D:4      | Reached skill level 5 in Shields
  1917 | D:4      | Reached skill level 1 in Translocations
  1917 | D:4      | Reached XP level 5. HP: 39/42 MP: 5/5
  1960 | D:4      | Found a glowing drain.
  1964 | Sewer    | Entered a sewer
  2079 | Sewer    | Reached XP level 6. HP: 46/48 MP: 6/6
  2261 | Sewer    | Reached XP level 7. HP: 6/55 MP: 7/7
  3170 | D:5      | Entered Level 5 of the Dungeon
  3202 | D:5      | Reached skill level 5 in Armour
  3202 | D:5      | Reached skill level 6 in Shields
  3299 | D:5      | Noticed Eustachio
  3322 | D:5      | Reached skill level 5 in Fighting
  3341 | D:5      | Killed Eustachio
  3342 | D:5      | Reached XP level 8. HP: 24/62 MP: 8/8
  3505 | D:5      | Found a staircase to the Ecumenical Temple.
  3517 | Temple   | Entered the Ecumenical Temple
  3534 | Temple   | Became a worshipper of Gozag Ym Sagoz the Greedy
  3556 | D:5      | Noticed Ijyb
  3571 | D:5      | Killed Ijyb
  3709 | Temple   | HP: 1/62 [ogre/+0 giant club (7)]
  3709 | Temple   | Slain by an ufetubus

Illustrated notes

Levels and vault maps discovered:
D:1:      dpeg_arrival_fog, layout_loops_ring, bh_walls_and_bars
D:2:      layout_loops_ring, shapermc_ecumenical_altar_venn, basic_altar,
          minmay_stone_trees_small, hangedman_decor_diamond_cutter,
          minmay_misc_feat_five, minmay_vboxes
D:3:      layout_basic
D:4:      layout_basic, gup_sewer_entry_bowl
D:5:      minmay_angry_zag, layout_layer_cave, minmay_temple_entry_hall,
          uniq_crazy_yiuf_cottage, uniq_ijyb, uniq_eustachio
Temple:   eino_temple_water

Skill      XL: |  1  2  3  4  5  6  7  8 |
---------------+-------------------------+-----
Fighting       | 4 5 |  5.0
Armour         | 4 5 |  5.4
Shields        | 5 6 |  6.6
Translocations | 1 2 3 |  3.1
Axes           | 3 4 |  4.4

Action                     |  1- 3 |  4- 6 |  7- 9 || total
---------------------------+-------+-------+-------++-------
  Melee: War axe           |    42 |       |       ||    42
         Hand axe          |    75 |   234 |   152 ||   461
    Use: Scroll            |       |     1 |       ||     1
 Armour: Scale mail        |    97 |   218 |   127 ||   442
         Leather armour    |       |       |    45 ||    45
  Dodge: Dodged            |    80 |   146 |    97 ||   323
  Block: Buckler           |    43 |    87 |    64 ||   194

Table legend: (Time is in decaauts)
 A = Elapsed time spent in this place.
 B = Non-inter-level travel time spent in this place.
 C = Inter-level travel time spent in this place.
 D = Time resting spent in this place.
 E = Time spent auto-exploring this place.
 F = Levels seen in this place.
 G = Mean time per level.
                   A        B        C        D        E       F      G
               +--------+--------+--------+--------+--------+-----+--------+
         Total |   3848 |   3729 |    119 |      0 |   2680 |   7 |  549.7 |
       Dungeon |   3142 |   3055 |     87 |      0 |   2245 |   5 |  628.4 |
        Temple |    161 |    129 |     32 |      0 |    104 |   1 |  161.0 |
         Sewer |    544 |    544 |      0 |      0 |    330 |   1 |  544.0 |
               +--------+--------+--------+--------+--------+-----+--------+

Top non-repeatable levels by time:
     D:4: 807 daAuts
     D:2: 771 daAuts
     D:1: 666 daAuts
   Sewer: 544 daAuts
     D:3: 505 daAuts
     D:5: 391 daAuts
  Temple: 161 daAuts
